 Dungeon Crawl Stone Soup version 0.28-a0-10-g964c8b829e (webtiles) character file.

Game seed: 6446760642235436460

293 Gwenloh the Cudgeller (level 6, -6/59 HPs)
             Began as a Troll Warper on July 25, 2021.
             Was a Believer of Ashenzari.
             Mangled by an orc warrior (11 damage)
             ... on level 4 of the Dungeon.
             The game lasted 00:14:12 (3192 turns).

Gwenloh the Cudgeller (Troll Warper)                Turns: 3192, Time: 00:14:13

Health: -6/59      AC:  4    Str: 26    XL:     6   Next: 11%
Magic:  0/8        EV: 10    Int: 11    God:    Ashenzari [**....]
Gold:   205        SH:  0    Dex: 15    Spells: 9/9 levels left

rFire   . . .      SeeInvis +   a - +0 mace
rCold   . . .      Faith    .   (no shield)
rNeg    . . .      Spirit   +   b - +0 robe "Ruined With Me" {Comp, Melee} (curse)
rPois   .          Reflect  .   (helmet restricted)
rElec   .          Harm     .   (no cloak)
rCorr   .          Rampage  .   (gloves unavailable)
Will    .....                   (boots unavailable)
Stlth   +.........              f - amulet of guardian spirit
HPRegen 1.19/turn               i - ring "Sorrow of Ashenzari" {Str+6, Range, Self} (curse)
MPRegen 0.11/turn               j - ring of Ashenzari's Fallacy {Dex+6, Bglg, Comp} (curse)

@: no status effects
A: large, unfitting armour, claws 3, regeneration 1, shaggy fur 1, tough skin 1
a: Renounce Religion, Curse Item, Shatter the Chains


You were on level 4 of the Dungeon.
You worshipped Ashenzari.
Ashenzari was pleased with you.
You visited 1 branch of the dungeon, and saw 4 of its levels.

You collected 205 gold pieces.

Inventory:

Hand Weapons
 a - a +0 mace (weapon)
Missiles
 d - a boomerang of dispersal
 e - 95 stones (quivered)
 m - 15 poisoned darts
Armour
 b - the cursed +0 robe "Ruined With Me" (worn) {Comp, Melee}

   It has a curse which improves the following skills: Companions: Summonings
   and Necromancy.
   Melee Combat: Short Blades, Long Blades, Axes, Maces & Flails, Polearms,
   Staves and Unarmed Combat.
Jewellery
 f - an amulet of guardian spirit (around neck)
 i - the cursed ring "Sorrow of Ashenzari" (left claw) {Str+6, Range, Self}
   (You found it on level 1 of the Dungeon)

   [ring of strength]

   Str:       It affects your strength (+6).
   It has a curse which improves the following skills: Ranged Combat: Slings,
   Bows, Crossbows and Throwing.
   Introspection: Fighting and Spellcasting.
 j - the cursed ring of Ashenzari's Fallacy (right claw) {Dex+6, Bglg, Comp}
   (You found it on level 1 of the Dungeon)

   [ring of dexterity]

   Dex:       It affects your dexterity (+6).
   It has a curse which improves the following skills: Beguiling: Conjurations,
   Hexes and Translocations.
   Companions: Summonings and Necromancy.
 r - a ring of wizardry
Wands
 o - a wand of digging (2)
Scrolls
 c - 2 scrolls of blinking
 h - 4 scrolls of identify
 k - a scroll of brand weapon
 n - a scroll of magic mapping
 p - a scroll of teleportation
Potions
 g - a potion of attraction
 l - a potion of cancellation
 q - 2 potions of curing
 s - a potion of haste
 t - a potion of flight


   Skills:
 - Level 1.5(2.6) Fighting
 - Level 3.9(5.2) Maces & Flails
 - Level 3.6(5.0) Throwing
 + Level 2.9 Dodging
 - Level 1.2(2.2) Spellcasting
 - Level 2.1(3.3) Translocations


You had 9 spell levels left.
You didn't know any spells.
Your spell library contained the following spells:

 Spells                   Type           Power      Damage    Failure   Level
 Apportation              Tloc           16%        N/A       8%          1
 Blink                    Tloc           N/A        N/A       11%         2
 Gell's Gravitas          Tloc           4%         N/A       22%         3
 Lesser Beckoning         Tloc           4%         N/A       22%         3
 Teleport Other           Tloc           8%         N/A       22%         3
 Animate Skeleton         Necr           2%         N/A       26%         1
 Corona                   Hex            1%         N/A       26%         1
 Summon Small Mammal      Summ           4%         N/A       26%         1
 Manifold Assault         Tloc           8%         N/A       90%         5


Dungeon Overview and Level Annotations

Branches:
Dungeon (4/15)
 Temple: D:4-7

Altars:
Ashenzari
Wu Jian

Shops:
D:4 :


Innate Abilities, Weirdness & Mutations

You are too large for most types of armour.
You have claws for hands.
Your natural rate of healing is unusually fast.
You are covered in fur. (AC +1)
You have tough skin. (AC +1)


Message History

The orc warrior misses you.
You sock the orc warrior!
The orc warrior is severely wounded.
The orc warrior hits you with a +0 flail.
The orc warrior hits you with a +0 flail!
You barely miss the orc warrior.
The orc warrior is severely wounded.
The orc warrior hits you with a +0 flail!
You are too injured to fight recklessly!
You are too injured to fight recklessly!
You hit the orc warrior but do no damage.
The orc warrior is severely wounded.
The orc warrior hits you with a +0 flail!
* * * LOW HITPOINT WARNING * * *
You closely miss the orc warrior.
The orc warrior is severely wounded.
The orc warrior hits you with a +0 flail!
* * * LOW HITPOINT WARNING * * *
You hit the orc warrior.
The orc warrior is almost dead.
The orc warrior completely misses you. The orc warrior closely misses you.
The orc warrior hits you with a +0 flail.
* * * LOW HITPOINT WARNING * * *
You see here a +0 falchion.
You see here a scroll of immolation.
You are too injured to fight recklessly!
You are too injured to fight recklessly!
You are too injured to fight recklessly!
You barely miss the orc warrior.
The orc warrior is almost dead.
The orc warrior hits you with a +0 flail!
You barely miss the orc warrior.
The orc warrior is almost dead.
The orc warrior hits you with a +0 flail!!
* * * LOW HITPOINT WARNING * * *
You hit the orc warrior.
The orc warrior is almost dead.
The orc warrior hits you with a +0 flail!
You die...

####...<#.# ** * *
#......)#.##### .# #.#
+.......#.....# ..* #.# *
#.....##..##..# *.## #.#
#..... #..##..# ..# #.#
#.....##......# ####.# #.#
#.......∩.....# #....# #.#
#.###....##...###.##.###.##
* #.
###..##.....@o....?...#
#........###.######.# * *,
..#......##.##.## #.# ,
#.........#.###..# #.# ,, ,
#.#####.#.#)#...####.# * *
#. #...##)###8.##.#### _,*
** *#...#.#)...#.#....# * ,
....###8.....#....#
*#............#


You could see an orc warrior.

Vanquished Creatures
  Purgy (D:3)
  An orc priest (D:4)
  Ijyb (D:3)
  An orc wizard (D:4)
  A hound skeleton (D:4)
  An adder (D:3)
  3 dart slugs
  10 orcs
  4 ball pythons
  9 bats
  7 endoplasms
  2 giant cockroaches
  2 goblins
  10 hobgoblins
  A jackal (D:3)
  5 quokkas
  3 frilled lizards
  7 kobolds
  9 rats
78 creatures vanquished.

Vanquished Creatures (others)
  5 toadstools (D:1)
5 creatures vanquished.

Grand Total: 83 creatures vanquished

Notes
Turn   | Place    | Note
-------+----------+-------------------------------------------
     0 | D:1      | Gwenloh the Troll Warper began the quest for the Orb.
     0 | D:1      | Reached XP level 1. HP: 19/19 MP: 1/1
    13 | D:1      | Found Exionos's General Store.
   195 | D:1      | Reached XP level 2. HP: 27/27 MP: 2/2
   217 | D:1      | Found a faded altar of an unknown god.
   229 | D:1      | Became a worshipper of Ashenzari the Shackled
   759 | D:2      | Reached * piety under Ashenzari
  1125 | D:2      | Reached XP level 3. HP: 33/33 MP: 3/3
  1788 | D:3      | Reached ** piety under Ashenzari
  1821 | D:3      | Noticed Ijyb
  1853 | D:3      | Killed Ijyb
  1854 | D:3      | Reached skill level 1 in Throwing
  1854 | D:3      | Reached XP level 4. HP: 35/44 MP: 3/6
  2024 | D:3      | Noticed Purgy
  2045 | D:3      | Killed Purgy
  2046 | D:3      | Reached XP level 5. HP: 20/50 MP: 1/7
  2738 | D:3      | Found an ornate altar of the Wu Jian Council.
  3006 | D:4      | Found Esuag's Book Shoppe.
  3105 | D:4      | Reached XP level 6. HP: 49/59 MP: 5/8
  3152 | D:4      | Noticed an orc warrior
  3167 | D:4      | HP: 2/59 [orc warrior (12)]
  3192 | D:4      | Mangled by an orc warrior

Illustrated notes

Levels and vault maps discovered:
D:1:      ldierk_walled_garden, layout_rooms,
          shapermc_ecumenical_altar_starsandcircs, serial_shops,
          nicolae_shop_competitors_out_of_business, serial_park_tiny_pond
D:2:      mumra_celtic_spiral_tile, layout_loops_corners
D:3:      kennysheep_six_static_rooms, layout_basic,
          nicolae_wu_jian_immortal_techniques, corexii_shack,
          nrook_loot_triangle, minmay_fractal_squares_diagonal_5, uniq_purgy,
          uniq_ijyb
D:4:      layout_basic, mainiacjoe_overflow_alcove_1, serial_shops,
          nicolae_square_shop, guppyfry_early_orc_mine

Skill      XL: |  1  2  3  4  5 |
---------------+----------------+-----
Maces & Flails | 2 3 |  3.9
Throwing       | 1 3 |  3.6
Dodging        | 2 |  2.9
Fighting       | |  1.5
Spellcasting   | |  1.2
Translocations | |  2.1

Action                   |  1- 3 |  4- 6 || total
-------------------------+-------+-------++-------
Melee: Mace              |    75 |   129 ||   204
Throw: Stone             |    64 |    67 ||   131
       Boomerang         |     4 |       ||     4
       Dart              |     6 |     4 ||    10
Invok: Curse Item        |     3 |       ||     3
Armor: Robe              |    29 |    41 ||    70
Dodge: Dodged            |    27 |    75 ||   102

Table legend: (Time is in decaauts)
 A = Elapsed time spent in this place.
 B = Non-inter-level travel time spent in this place.
 C = Inter-level travel time spent in this place.
 D = Time resting spent in this place.
 E = Time spent auto-exploring this place.
 F = Levels seen in this place.
 G = Mean time per level.
                   A        B        C        D        E       F      G
               +--------+--------+--------+--------+--------+-----+--------+
         Total |   3226 |   3116 |    110 |     12 |   2484 |   4 |  806.5 |
       Dungeon |   3226 |   3116 |    110 |     12 |   2484 |   4 |  806.5 |
               +--------+--------+--------+--------+--------+-----+--------+

Top non-repeatable levels by time:
     D:3: 1244 daAuts
     D:2: 1206 daAuts
     D:1: 602 daAuts
     D:4: 172 daAuts
